 Dungeon Crawl Stone Soup version 0.30.1-4-g462c640d31 (webtiles) character file.

Game seed: 16908061215826218141

7949 Diggabert the Thaumaturge (level 11, -5/55 HPs)
             Began as a Deep Elf Conjurer on Aug 12, 2023.
             Was a Believer of Hepliaklqana.
             Hit by a javelin thrown by Urug (25 damage)
             ... on level 10 of the Dungeon.
             The game lasted 00:32:56 (10961 turns).

Diggabert the Thaumaturge (Deep Elf Conjurer)      Turns: 10961, Time: 00:32:56

Health: -5/55      AC: 11    Str:  4    XL:     11   Next: 3%
Magic:  30/30      EV: 12    Int: 31    God:    Hepliaklqana [**....]
Gold:   390        SH:  0    Dex: 13    Spells: 20/37 levels left

rFire   . . .        p - +2 sling (flame)
rCold   . . .        (no shield)
rNeg    + . .        N - +0 acid dragon scales
rPois   .            n - +2 helmet of Labebaw {Int+3}
rElec   .            t - +0 cloak
rCorr   +            s - +0 pair of gloves
SInv    .            (no boots)
Will    +....        (no amulet)
Stlth   ++           v - ring of positive energy
HPRegen 0.29/turn    (no ring)
MPRegen 0.22/turn

%: no passive effects
@: no status effects
A: reduced essence
a: Renounce Religion, Recall Ancestor, Ancestor Identity


You were on level 10 of the Dungeon.
You worshipped Hepliaklqana.
Hepliaklqana was pleased with you.
You visited 2 branches of the dungeon, and saw 11 of its levels.
You also visited: Bailey.

You collected 493 gold pieces.
You spent 103 gold pieces at shops.

Inventory:

Hand Weapons
 o - a +0 dagger of venom
 p - a +2 sling of flaming (weapon)
 D - the +4 spear "Fitogiza" {heavy, *Slow rPois rF++ Dex+4}
   (You found it on level 6 of the Dungeon)

   Dex:       It affects your dexterity (+4).
   rF:        It greatly protects you from fire.
   rPois:     It protects you from poison.
   *Slow:     It may slow you when you take damage.
 G - the +0 hand axe of Defence {distort, rN+ Will+ Int-4}
   (You found it on level 7 of the Dungeon)

   Int:       It affects your intelligence (-4).
   rN:        It protects you from negative energy.
   Will:      It increases your willpower.
 I - the +1 spear of Honour {antimagic, rElec rF+ rN+ Dex-4}
   (You found it on level 8 of the Dungeon)

   Dex:       It affects your dexterity (-4).
   rF:        It protects you from fire.
   rElec:     It insulates you from electricity.
   rN:        It protects you from negative energy.
Missiles
 y - 2 throwing nets
Armour
 f - +0 steam dragon scales
 n - the +2 helmet of Labebaw (worn) {Int+3}
   (You took it off Robin on level 2 of the Dungeon)

   Int:       It affects your intelligence (+3).
 s - a +0 pair of gloves (worn)
 t - a +0 cloak (worn)
 u - a +1 robe of fire resistance
 H - a +2 ring mail of fire resistance
 M - a +0 robe of cold resistance
 N - +0 acid dragon scales (worn)
Jewellery
 v - a ring of positive energy (left hand)
Wands
 m - a wand of flame (19)
 K - a wand of digging (6)
 L - a wand of roots (3)
Scrolls
 e - 5 scrolls of enchant weapon
 j - 3 scrolls of teleportation
 k - a scroll of magic mapping
 l - 2 scrolls of vulnerability {unknown}
 q - 2 scrolls of amnesia {unknown}
 r - 2 scrolls of brand weapon {unknown}
 w - 2 scrolls of poison
 C - 2 scrolls of silence {unknown}
 E - 2 scrolls of fear
 F - 2 scrolls of immolation {unknown}
 J - a scroll of acquirement {unknown}
Potions
 a - 3 potions of heal wounds
 b - 5 potions of magic
 c - 3 potions of brilliance
 d - 4 potions of curing
 g - a potion of degeneration {unknown}
 h - 2 potions of attraction
 i - 4 potions of mutation
 x - 2 potions of might {unknown}
 z - a potion of resistance {unknown}
 A - a potion of ambrosia {unknown}
 B - 3 potions of flight


   Skills:
 * Level 4.3 Fighting
 * Level 7.1 Dodging
 - Level 2.4 Stealth
 * Level 13.6 Spellcasting
 * Level 11.5 Conjurations
 * Level 6.8 Hexes


You had 20 spell levels left.
You knew the following spells:

 Your Spells              Type           Power      Damage    Failure   Level
a - Magic Dart            Conj           100%       1d8       1%          1
b - Searing Ray           Conj           100%       2d8       1%          2
c - Dazzling Flash        Conj/Hex       100%       N/A       1%          3
d - Fulminant Prism       Conj/Hex       33%        3d15      1%          4
e - Iskenderun's Mystic   Conj/Tloc      54%        2d12      4%          4
f - Swiftness             Air            21%        N/A       17%         3

Your spell library contained the following spells:

 Spells                   Type           Power      Damage    Failure   Level
 Ensorcelled Hibernation  Hex/Ice        84%        N/A       1%          2
 Hailstorm                Conj/Ice       54%        3d12      1%          3
 Mephitic Cloud           Conj/Pois/Air  45%        N/A       3%          3
 Call Imp                 Summ           42%        N/A       9%          2
 Passwall                 Tmut/Erth      17%        N/A       9%          2
 Poisonous Vapours        Pois/Air       42%        N/A       9%          2
 Arcjolt                  Conj/Air       27%        1d37      14%         5
 Vhi's Electric Charge    Tloc/Air       42%        N/A       17%         3
 Freezing Cloud           Conj/Ice/Air   22%        6-21      30%         5
 Metabolic Englaciation   Hex/Ice        21%        N/A       36%         5
 Animate Dead             Necr           21%        N/A       50%         4
 Ice Form                 Ice/Tmut       21%        N/A       50%         4
 Petrify                  Tmut/Erth      21%        N/A       50%         4
 Plasma Beam              Fire/Air       10%        2x1d23    100%        6
 Simulacrum               Ice/Necr       10%        N/A       100%        6
 Statue Form              Tmut/Erth      14%        N/A       100%        6
 Haunt                    Necr/Summ      10%        N/A       100%        7
 Ozocubu's Refrigeration  Ice            10%        4d9       100%        7
 Infestation              Necr           10%        N/A       100%        8
 Polar Vortex             Ice            10%        N/A       100%        9


Dungeon Overview and Level Annotations

Branches:
Dungeon (10/15)            Temple (1/1) D:7             Orc (0/2) D:9
 Bailey (visited)
   Lair: D:8-11

Altars:
Ashenzari
Cheibriados
Dithmenos
Fedhas
Gozag
Hepliaklqana
Kikubaaqudgha
Makhleb
Nemelex Xobeh
Okawaru
Qazlal
Ru
Sif Muna
Trog
Vehumet
Wu Jian
Xom
Yredelemnul
Zin

Shops:
D:3 [

Annotations:
D:4 3 runed translucent doors, turdburglar's ghost, amateur FoFi
D:10 Urug


Message History

The wolf is knocked back by the mystic blast.
The wolf slams into the rock wall!
The wolf is severely wounded.
Banana Bread avoids your attack.
The mystic blast hits the vampire mosquito!
You destroy the vampire mosquito!
You hear an angry growl.
A troll comes into view.
Unknown command.
Unknown command.
Casting: Iskenderun's Mystic Blast (dangerous; 4% risk of failure)
Confirm with . or Enter, or press ? or * to list all spells.
You erupt in a blast of force!
The mystic blast hits the wolf!
You kill the wolf!
Banana Bread avoids your attack.
A centaur warrior simulacrum comes into view.
Unknown command.
Unknown command.
A polar bear comes into view.
A vampire mosquito comes into view.
There is a stone staircase leading up here.
Banana Bread blocks the troll's attack.
The troll claws Banana Bread.
The troll barely misses Banana Bread.
Banana Bread hits the troll with a +0 flail!
You climb upwards.
There is a stone staircase leading down here.
Banana Bread is recalled.
You start resting.
HP restored.
You start resting.
Magic restored.
You climb downwards.
Level annotation: Urug The centaur warrior simulacrum hits you.
The centaur warrior simulacrum freezes you!!
The centaur warrior simulacrum barely misses you.
The polar bear barely misses you.
The polar bear claws you but does no damage. x2
The troll bites you. The troll claws you. The troll barely misses you.
Urug throws a javelin.
The javelin pierces through you!!
You die...

~~~~~......#
....~~~~~..#
.∩....~~~..#
....~~~~~..###
~~~.~≈.......## ..
~~............##..
..y...Z.T........
#....@R......#
#....†h......#
##.....†....##
##...#....##
###..#..## #.....#
#o##..# #.##...#
#. ##.....


You could see the friendly Banana Bread the knight, Urug, a polar bear, a troll,
a vampire mosquito and a centaur warrior simulacrum.

Vanquished Creatures
  2 vault guards (Bailey)
  Joseph (D:7)
  A hornet (D:10)
  A polar bear (D:10)
  A troll (D:10)
  Prince Ribbit (Bailey)
  7 humans (Bailey)
  A steam dragon (D:6)
  3 vampire mosquitoes (D:10)
  An acid dragon (D:9)
  A water moccasin (D:5)
  2 orc warriors
  A black bear (D:7)
  A sky beast (D:8)
  A wolf (D:10)
  2 centaurs
  2 phantoms (D:5)
  14 bullfrogs
  2 scorpions
  3 howler monkeys
  2 jellies
  3 hounds
  Crazy Yiuf (D:3)
  3 orc priests
  2 gnoll boudas
  2 iguanas
  A sleepcap (D:6)
  5 orc wizards
  Robin (D:2)
  7 adders
  16 gnolls
  A white imp (D:5)
  2 ufetubi
  7 worms
  2 dart slugs
  18 orcs
  3 bats
  3 endoplasms
  6 giant cockroaches
  14 hobgoblins
  2 jackals (D:1)
  3 quokkas
  3 ball pythons
  4 frilled lizards
  15 goblins
  3 kobolds
177 creatures vanquished.

Vanquished Creatures (collateral kills)
  A two-headed ogre (D:9)
  A human (Bailey)
  A centaur (D:9)
  3 bullfrogs
  2 orc priests
  A hound (D:7)
  An iron imp (D:7)
  A sleepcap (D:8)
  An orc wizard (D:9)
  4 orcs
16 creatures vanquished.

Vanquished Creatures (others)
  5 ancestors
  27 fulminant prisms
32 creatures vanquished.

Grand Total: 225 creatures vanquished

Notes
Turn   | Place    | Note
-------+----------+-------------------------------------------
     0 | D:1      | Diggabert the Deep Elf Conjurer began the quest for the
                  | Orb.
     0 | D:1      | Reached XP level 1. HP: 10/10 MP: 6/6
   441 | D:1      | Reached XP level 2. HP: 14/15 MP: 1/8
   455 | D:1      | Learned a level 2 spell: Searing Ray
   786 | D:2      | Reached skill level 5 in Conjurations
   871 | D:2      | Reached XP level 3. HP: 20/20 MP: 6/9
   875 | D:2      | Learned a level 3 spell: Dazzling Flash
  1038 | D:2      | Identified the +2 helmet of Labebaw {Int+3}
  1038 | D:2      | Noticed Robin
  1341 | D:2      | Killed Robin
  1473 | D:2      | Reached XP level 4. HP: 24/24 MP: 5/11
  1481 | D:2      | Learned a level 4 spell: Fulminant Prism
  1913 | D:3      | Reached skill level 1 in Fighting
  2076 | D:3      | Found Riunot Nueb's Antique Armour Emporium.
  2213 | D:3      | Found a runed translucent door.
  2214 | D:3      | Noticed Crazy Yiuf
  2264 | D:3      | Found a glowing silver altar of Zin.
  2292 | D:3      | Found an opulent altar of Gozag.
  2952 | D:3      | Killed Crazy Yiuf
  2953 | D:3      | Reached skill level 4 in Spellcasting
  2953 | D:3      | Reached skill level 1 in Hexes
  3046 | D:3      | Bought a runed robe for 103 gold pieces
  3128 | D:4      | Reached XP level 5. HP: 29/29 MP: 9/13
  3692 | D:4      | Noticed turdburglar's ghost (amateur FoFi)
  3700 | D:4      | Found a runed translucent gate.
  3700 | D:4      | Found a runed translucent gate.
  3709 | D:4      | Found a runed translucent gate.
  4522 | D:5      | Entered Level 5 of the Dungeon
  4526 | D:5      | Found a hazy altar of Hepliaklqana.
  4537 | D:5      | Noticed a centaur
  4547 | D:5      | Killed a centaur
  4548 | D:5      | Reached skill level 5 in Spellcasting
  4548 | D:5      | Reached XP level 6. HP: 33/34 MP: 9/15
  4555 | D:5      | Became a worshipper of Hepliaklqana the Forgotten
  4745 | D:4      | Reached skill level 6 in Spellcasting
  4893 | D:5      | Reached XP level 7. HP: 39/39 MP: 3/18
  5150 | D:5      | Found a burning altar of Makhleb.
  5184 | D:5      | Learned a level 4 spell: Iskenderun's Mystic Blast
  5444 | D:5      | Reached skill level 7 in Spellcasting
  5444 | D:5      | HP: 2/40 [poisoned by a water moccasin]
  6320 | D:6      | Noticed a steam dragon
  6327 | D:6      | Killed a steam dragon
  6328 | D:6      | Reached skill level 8 in Spellcasting
  6328 | D:6      | Reached XP level 8. HP: 39/44 MP: 13/22
  6634 | D:6      | Identified the +4 spear "Fitogiza" {heavy, *Slow rPois rF++
                  | Dex+4}
  6650 | D:6      | Reached * piety under Hepliaklqana
  6821 | D:6      | Found a broken altar of Ashenzari.
  7404 | D:7      | Found a flagged portal.
  7412 | D:7      | Identified the +0 hand axe of Defence {distort, rN+ Will+
                  | Int-4}
  7416 | Bailey   | Entered a bailey
  7425 | Bailey   | Reached skill level 9 in Spellcasting
  7500 | Bailey   | Reached XP level 9. HP: 44/44 MP: 16/24
  7505 | Bailey   | Reached skill level 5 in Dodging
  7506 | Bailey   | Reached skill level 10 in Spellcasting
  7774 | Bailey   | Reached skill level 5 in Hexes
  7792 | Bailey   | Reached skill level 11 in Spellcasting
  7981 | Bailey   | Noticed Prince Ribbit
  7981 | Bailey   | Noticed a vault guard
  7989 | Bailey   | Killed a vault guard
  7990 | Bailey   | Reached skill level 10 in Conjurations
  7990 | Bailey   | Killed Prince Ribbit
  7991 | Bailey   | Reached XP level 10. HP: 45/50 MP: 6/27
  8125 | Bailey   | Noticed a vault guard
  8141 | Bailey   | Killed a vault guard
  8142 | Bailey   | Reached skill level 12 in Spellcasting
  8522 | D:7      | Noticed Joseph
  8530 | D:7      | Killed Joseph
  8824 | D:7      | Found a staircase to the Ecumenical Temple.
  8831 | Temple   | Entered the Ecumenical Temple
  8973 | D:7      | Found a snail-covered altar of Cheibriados.
  9330 | D:8      | Identified the +1 spear of Honour {antimagic, rElec rF+ rN+
                  | Dex-4}
  9406 | D:8      | Reached ** piety under Hepliaklqana
  9407 | D:8      | Remembered your ancestor Banana Bread as a knight
  9977 | D:9      | Noticed a two-headed ogre
  9977 | D:9      | Found a staircase to the Orcish Mines.
  9981 | D:9      | Killed a two-headed ogre
  9982 | D:9      | Reached skill level 13 in Spellcasting
 10350 | D:9      | Found a shimmering blue altar of Sif Muna.
 10711 | D:9      | Learned a level 3 spell: Swiftness
 10800 | D:10     | Entered Level 10 of the Dungeon
 10822 | D:10     | Reached XP level 11. HP: 55/55 MP: 9/30
 10830 | D:10     | Noticed Urug
 10961 | D:10     | Hit by a javelin thrown by Urug

Illustrated notes

Levels and vault maps discovered:
D:1:      dpeg_arrival_radiant, layout_loops_ring
D:2:      layout_rooms, kennysheep_boxes, uniq_robin
D:3:      layout_basic, pdpol_temple_overflow_zin_treasury_gozag_greed,
          serial_shops, nicolae_shop_hallway_stairs, interstate_on_off,
          uniq_crazy_yiuf_cottage
D:4:      layout_basic, serial_rivers, chequers_serial_rivers_small_b,
          chequers_serial_rivers_large_a, chequers_serial_rivers_micro_b,
          chequers_serial_rivers_micro_e, chequers_serial_rivers_micro_c,
          gammafunk_ghost_split
D:5:      layout_layer_cave, makhleb_heckhound_becter,
          nicolae_hepliaklqana_hazy_memory
D:6:      layout_basic, marbit_many_paths, minivault_4
D:7:      layout_basic, slow_altar_2, minmay_temple_entry_slanted,
          enter_bailey_2, uniq_joseph
D:8:      layout_basic
D:9:      layout_loops_ring, mainiacjoe_overflow_brackets, orc_0_dummy
D:10:     layout_rooms, elyvilon_altar_3, nicolae_tso_carved_into_rock,
          nicolae_uskayaw_murder_on_the_dancefloor, serial_ice, serial_ice_m,
          serial_ice_g, serial_ice_a, serial_ice_i, uniq_urug
Temple:   nicolae_temple_ecumenical_triangle

Skill      XL: |  1  2  3  4  5  6  7  8  9 10 |
---------------+-------------------------------+-----
Conjurations   | 5 6 7 8 10 11 | 11.5
Fighting       | 1 2 3 4 |  4.3
Spellcasting   | 4 5 6 8 9 11 13 | 13.6
Hexes          | 1 2 3 4 5 6 |  6.8
Dodging        | 3 4 6 7 |  7.1
Stealth        | |  2.4

Action                     |  1- 3 |  4- 6 |  7- 9 | 10-12 || total
---------------------------+-------+-------+-------+-------++-------
   Fire: Sling             |       |     7 |     9 |    39 ||    55
   Cast: Magic Dart        |    57 |    72 |    27 |    32 ||   188
         Searing Ray       |    10 |    28 |    46 |    10 ||    94
         Fulminant Prism   |       |     1 |     2 |    24 ||    27
         Iskenderun's Myst |       |       |     2 |     4 ||     6
 Invoke: Ancestor Identity |       |       |     1 |       ||     1
         Ancestor Life: Kn |       |       |       |     1 ||     1
         Recall Ancestor   |       |       |       |     1 ||     1
  Evoke: Wand              |       |     1 |       |       ||     1
    Use: Scroll            |       |     1 |     6 |     4 ||    11
         Potion            |       |       |     3 |       ||     3
 Armour: Robe              |     3 |    13 |     2 |       ||    18
         Steam dragon scal |       |       |    12 |     4 ||    16
         Acid dragon scale |       |       |       |     4 ||     4
  Dodge: Dodged            |     8 |    22 |    28 |    10 ||    68
